Map: Acropolis LE

Players

sgg

  • Race: Terran Terran
  • League: Gold
  • Spawn Location: 5:00

Smeeeger - Winner!

  • Race: Zerg Zerg
  • League: Platinum
  • Spawn Location: 11:00

VOD

Have the link to the VOD?

Description

Time

  • Played on: July 24, 2019, 6:58 p.m.
  • Length: 12:06
Show
View Real Time Build Order
Export as new Build Order

sgg Terran 

Build Orders: Command Center First (CC) 

Get SALT Encoding   

  12  0:10  SCV  
  13  0:22  SCV  
  13  0:28  Supply Depot  
  14  0:34  SCV  
  16  0:50  SCV  
  16  1:02  SCV  
  17  1:08  Command Center  
  17  1:14  SCV  
  18  1:26  SCV  
  19  1:33  Barracks  
  19  1:37  Refinery  
  19  1:40  Refinery  
  19  1:44  SCV  
  20  1:56  SCV  
  20  2:00  Supply Depot  
  21  2:08  SCV  
  22  2:20  Marine  
  22  2:21  SCV  
  24  2:25  Orbital Command  
  24  2:33  Factory  
  24  2:38  Marine  
  25  2:52  Orbital Command  
  25  2:53  SCV  
  26  3:05  SCV  
  27  3:13  Marine  
  27  3:16  Engineering Bay  
  27  3:18  Engineering Bay, Factory Tech Lab, SCV  
  29  3:21  Supply Depot  
  29  3:23  Starport  
  29  3:30  SCV x2  
  31  3:35  Marine  
  31  3:39  Siege Tank  
  35  3:42  SCV  
  35  3:43  Supply Depot  
  36  3:48  Terran Infantry Weapons Level 1  
  36  3:52  Terran Infantry Armor Level 1  
  36  3:53  Marine  
  37  3:57  SCV x2  
  37  4:02  Starport Reactor  
  39  4:11  Marine  
  39  4:15  Barracks  
  39  4:16  Barracks  
  40  4:17  SCV  
  40  4:18  SCV  
  42  4:28  Marine  
  42  4:29  SCV  
  42  4:30  SCV  
  45  4:39  Viking  
  45  4:40  Medivac  
  45  4:42  SCV x2  
  51  4:53  Barracks Reactor  
  51  4:54  SCV x2  
  51  4:56  Refinery  
  51  4:57  Refinery  
  53  5:04  Barracks Tech Lab x2  
  53  5:10  Supply Depot  
  53  5:11  Supply Depot  
  53  5:22  SCV  
  53  5:23  SCV  
  55  5:31  Marine x2  
  55  5:32  Marine x2  
  55  5:35  SCV  
  60  5:37  Command Center  
  60  5:43  Command Center, SCV  
  60  5:45  Medivac x2  
  60  5:47  SCV  
  60  5:49  Stimpack, Marine x3  
  68  5:50  Marine, Combat Shield  
  68  5:55  SCV  
  71  6:01  SCV  
  72  6:07  Marine, SCV  
  74  6:14  SCV  
  71  6:19  SCV  
  72  6:26  SCV  
  72  6:56  SCV x3  
  72  7:00  Marine  
  72  7:01  Marine x2  
  77  7:02  Marine  
  77  7:05  Supply Depot x2  
  79  7:10  Planetary Fortress  
  79  7:18  Marine  
  79  7:48  SCV x2  
  79  7:49  Siege Tank  
  84  7:57  SCV  
  85  8:00  Marine x4, SCV x2  
  91  8:06  Medivac x2  
  91  8:12  SCV  
  96  8:18  Marine x3  
  76  8:56  Marine x3  
  76  8:57  Marine  
  76  8:59  Medivac  
  76  9:00  Siege Tank  
  85  9:03  Supply Depot  
  85  9:07  SCV  
  85  9:08  Barracks x2, SCV  
  85  9:09  Barracks  
  87  9:14  Marine x3  
  90  9:18  Marine  
  90  9:22  Medivac  
  93  9:29  Medivac  
  95  9:32  Marine x3, Siege Tank  
  95  9:34  Supply Depot  
  95  9:36  Marine  
  102  9:55  Marine x2  
  102  9:56  Marine, Medivac  
  102  9:57  Supply Depot  
  102  9:58  Supply Depot  
  107  10:01  Supply Depot  
  107  10:03  Armory  
  107  10:06  SCV x2  
  109  10:07  Armory  
  109  10:18  SCV  
  109  10:19  Marine x4, SCV  
  115  10:37  Marine  
  87  10:52  Marine x3  
  87  10:54  Marine  
  87  11:04  Marine  
  87  11:05  Marine x2  
  87  11:09  Marine  
  87  11:10  Marine x2  
  93  11:12  Marine  
  94  11:22  Marine  
  94  11:23  Marine  
  94  11:37  Marine  
Show
View Real Time Build Order
Export as new Build Order

Smeeeger Zerg - Winner!

Build Orders: Hatch First 

Get SALT Encoding   

  12  0:01  Drone  
  13  0:15  Overlord  
  13  0:19  Drone  
  14  0:33  Drone x2  
  16  0:39  Drone  
  17  0:48  Drone  
  18  0:57  Hatchery  
  18  1:02  Drone, Extractor  
  17  1:15  Spawning Pool  
  17  1:18  Drone  
  17  1:21  Drone  
  18  1:35  Drone  
  19  1:41  Overlord  
  19  2:06  Queen  
  19  2:07  Zergling x2  
  19  2:08  Zergling x2  
  23  2:09  Queen  
  25  2:18  Drone  
  25  2:19  Drone  
  27  2:31  Drone x2  
  29  2:42  Metabolic Boost  
  29  2:43  Drone x2  
  29  2:44  Drone  
  32  2:45  Queen  
  34  2:52  Hatchery  
  33  2:58  Zergling x4  
  33  3:04  Drone  
  36  3:05  Overlord  
  36  3:09  Overlord  
  36  3:17  Roach Warren  
  35  3:24  Evolution Chamber  
  34  3:31  Evolution Chamber  
  34  3:33  Drone x5  
  38  3:36  Drone  
  38  3:37  Drone  
  40  3:47  Drone x4  
  44  4:00  Zerg Missile Weapons Level 1  
  44  4:05  Drone x2  
  44  4:07  Drone, Extractor  
  44  4:08  Drone x4, Extractor  
  49  4:13  Drone  
  50  4:22  Queen  
  53  4:38  Drone  
  53  4:39  Drone  
  53  4:41  Drone x4  
  58  4:53  Zerg Ground Armor Level 1  
  58  4:57  Spore Crawler  
  58  4:58  Spore Crawler  
  56  5:00  Spore Crawler, Drone x3  
  56  5:06  Overlord x4  
  58  5:09  Lair  
  58  5:24  Zergling x2  
  58  5:26  Zergling x4  
  61  5:31  Drone x2  
  61  5:32  Drone x4  
  67  5:36  Roach x7  
  81  6:02  Hatchery, Roach  
  81  6:03  Overlord, Extractor  
  81  6:04  Overlord x2  
  81  6:13  Zerg Missile Weapons Level 2  
  80  6:22  Hydralisk Den  
  81  6:25  Roach  
  81  6:26  Roach x7  
  95  6:40  Roach x5  
  105  6:52  Ravager  
  102  7:27  Ravager  
  102  7:28  Ravager x3  
  104  7:33  Pneumatized Carapace  
  104  7:35  Glial Reconstitution  
  100  7:48  Hydralisk x2  
  100  7:49  Overlord  
  100  7:50  Overlord x2  
  104  7:52  Drone x3  
  104  7:56  Overlord  
  104  7:57  Overlord x3  
  107  8:04  Hydralisk x2  
  86  8:20  Hydralisk  
  86  8:21  Hydralisk x4  
  91  8:29  Drone x5  
  91  8:33  Extractor  
  91  8:34  Extractor  
  84  8:54  Drone x12  
  93  8:55  Overseer  
  93  9:02  Zergling x16  
  101  9:05  Baneling Nest  
  101  9:07  Overseer  
  101  9:08  Zerg Ground Armor Level 2  
  101  9:09  Zerg Melee Weapons Level 1  
  100  9:11  Drone  
  100  9:12  Drone  
  100  9:17  Muscular Augments  
  102  9:19  Drone x3  
  102  9:20  Overlord x2, Extractor  
  102  9:22  Extractor  
  103  9:47  Drone x5  
  103  9:48  Hydralisk x7, Drone  
  103  9:49  Hydralisk  
  125  9:53  Overlord x3  
  125  10:00  Extractor  
  125  10:02  Extractor  
  125  10:03  Hydralisk  
  125  10:04  Hatchery, Hydralisk x4  
  132  10:11  Baneling x2  
  132  10:12  Baneling x2  
  132  10:20  Zergling x22  
  143  10:27  Hatchery x2  
  143  10:28  Grooved Spines  
  141  10:31  Drone  
  141  10:32  Drone x4  
  132  10:56  Infestation Pit  
  124  11:20  Nydus Network  
  124  11:24  Queen  
  124  11:26  Drone  
  124  11:27  Drone  
  159  11:42  Spine Crawler  
  159  11:43  Spine Crawler  
Tags
 
Add a new tag
Caveats
  • Supply blocks, unpowered buildings, or Contaminate may cause inaccurate times.
  • Supply counts are checked every 10 seconds.